 Dungeon Crawl Stone Soup version 0.30.1-11-g7821555f0a (webtiles) character file.

Game seed: 12334272781473718919

13261 cowcol the Cleaver (level 11, -2/102 HPs)
             Began as a Minotaur Fighter on Dec 25, 2023.
             Was a High Priest of Okawaru.
             Slain by a white ugly thing (3 damage)
             ... on level 11 of the Dungeon.
             The game lasted 00:27:11 (11550 turns).

cowcol the Cleaver (Minotaur Fighter)              Turns: 11550, Time: 00:27:12

Health: -2/102     AC: 15    Str: 23    XL:     11   Next: 73%
Magic:  11/11      EV:  8    Int:  5    God:    Okawaru [*****.]
Gold:   309        SH: 10    Dex: 10    Spells: 10/10 levels left

rFire   + + +        w - +6 hand axe "Mauduul" {heavy, rPois rF+++ rC- SInv}
rCold   x . .        c - +0 buckler
rNeg    . . .        A - +0 chain mail
rPois   +            (helmet restricted)
rElec   .            p - scarf {+Inv}
rCorr   .            g - +0 pair of gloves
SInv    +            (no boots)
Will    .....        u - amulet of reflection Stlth
                     (no ring)
HPRegen 0.37/turn    (no ring)
MPRegen 0.12/turn

%: reflection
@: no status effects
A: horns 2, retaliatory headbutt, iridescent scales 1, clumsy 1
a: Renounce Religion, Evoke Invisibility, Heroism, Finesse, Duel


You were on level 11 of the Dungeon.
You worshipped Okawaru.
Okawaru was extremely pleased with you.
You visited 1 branch of the dungeon, and saw 10 of its levels.
You visited the Abyss 1 time.

You collected 559 gold pieces.
You spent 250 gold pieces at shops.

Inventory:

Hand Weapons
 a - a +0 war axe
 v - the +9 war axe "Buifiq" {protect, rC- Int+2 Dex+3}
   (You found it on level 4 of the Dungeon)

   Int:       It affects your intelligence (+2).
   Dex:       It affects your dexterity (+3).
   rC:        It makes you vulnerable to cold.
 w - the +6 hand axe "Mauduul" (weapon) {heavy, rPois rF+++ rC- SInv}
   (You found it on level 4 of the Dungeon)

   rF:        It renders you almost immune to fire.
   rC:        It makes you vulnerable to cold.
   rPois:     It protects you from poison.
   SInv:      It lets you see invisible.
 B - a +4 war axe of freezing
 H - a +0 battleaxe of protection
 I - a +2 glaive of flaming
Missiles
 j - 6 atropa-tipped darts
 m - 6 javelins
 r - 21 poisoned darts (quivered)
 K - a boomerang
Armour
 b - a +0 scale mail
 c - a +0 buckler (worn)
 g - a +0 pair of gloves (worn)
 i - a +1 cloak
 p - a scarf of invisibility (worn)
 A - a +0 chain mail (worn)
Jewellery
 d - a ring of ice
 u - an amulet of reflection (around neck)
 L - a ring of protection from fire
Wands
 f - a wand of digging (5)
 F - a wand of paralysis (16)
 G - a wand of flame (8)
Scrolls
 k - a scroll of torment
 s - 2 scrolls of fog
 t - 2 scrolls of poison
 y - 2 scrolls of teleportation
 C - a scroll of enchant weapon
 D - a scroll of blinking {unknown}
Potions
 e - a potion of invisibility {unknown}
 h - 2 potions of haste {unknown}
 l - a potion of lignification {unknown}
 n - a potion of curing
 o - 2 potions of berserk rage {unknown}
 q - 3 potions of flight
 x - a potion of ambrosia {unknown}
 z - 2 potions of brilliance {unknown}
 E - 3 potions of attraction {unknown}
 J - a potion of experience {unknown}


   Skills:
 + Level 11.4 Fighting
 + Level 14.4 Axes
 + Level 1.5 Throwing
 - Level 12.0 Armour
 - Level 2.5 Stealth
 - Level 5.0 Shields
 + Level 2.5 Invocations
 - Level 3.2 Evocations


You had 10 spell levels left.
You didn't know any spells.
Your spell library contained the following spells:

 Spells                   Type           Power      Damage    Failure   Level
 Stone Arrow              Conj/Erth      0%         3d7       100%        3
 Blade Hands              Tmut           0%         N/A       100%        5
 Iron Shot                Conj/Erth      0%         9d1       100%        6
 Lehudib's Crystal Spear  Conj/Erth      0%         10d2      100%        8
 Animate Armour           Summ/Erth      Unusable   N/A       N/A         4

Dungeon Overview and Level Annotations

Branches:
Dungeon (11/15)              Lair (0/5) D:8
 Temple: D:4-7          Orc: D:9-12

Altars:
Elyvilon
Okawaru
Qazlal
Ru
Trog
Uskayaw
Vehumet
Xom
Lugonu

Shops:
D:4 ((!

Annotations:
D:9 exclusion: ice statue


Innate Abilities, Weirdness & Mutations

You have a pair of horns on your head.
You reflexively headbutt those who attack you in melee.
You are partially covered in iridescent scales. (AC +2)
You are clumsy. (Dex -2)


Message History

An orc wizard comes into view. It is wielding a +0 dagger.
Items here: ! ( )))))) [[[[ †.
You bump into the rock wall.
The orc hits you but does no damage. The orc wizard barely misses you.
You bump into the rock wall.
The orc hits you but does no damage.
The orc wizard hits you but does no damage.
You bump into the rock wall.
You feel less confused. The orc hits you with a +0 falchion.
The orc wizard casts a spell at you.
The puff of flame hits you but does no damage.
You slash the orc!
You kill the orc!
You slash the orc wizard!
The orc wizard hits you but does no damage.
Unknown command.
Items here: ! $ ) [ †.
The orc wizard barely misses you. You furiously retaliate!
You headbutt the orc wizard!
You kill the orc wizard!
Okawaru accepts your kill.
The orc wizard hits you but does no damage.
You slash the orc wizard! Your headbutt misses the orc wizard.
The orc wizard is heavily wounded.
You slice the orc wizard!!
You kill the orc wizard!
Okawaru accepts your kill.
You hit the white ugly thing. The white ugly thing tail-slaps you.
The white ugly thing freezes you!!!
You feel a terrible chill!
You block the white ugly thing's attack.
Things that are here:
a +0 dagger; a +0 robe; an orc corpse You feel better.
The white ugly thing tail-slaps you. The white ugly thing freezes you!!!
You feel a terrible chill!
* * * LOW HITPOINT WARNING * * *
You closely miss the white ugly thing.
You headbutt the white ugly thing, but do no damage.
The white ugly thing is lightly wounded.
The white ugly thing tail-slaps you.
You die...

#.....#
#.## #...
#.....# #.#
####
#.....#
#.###
#.....#
#...#
#######
#########.#
........#)#
........#)#
........#)#
.......@.)#
....!#.u###
... #..# .
....#
######


You could see a white ugly thing.

Vanquished Creatures
  Erolcha (D:11)
  Fannar (D:11)
  A centaur warrior (D:10)
  2 two-headed ogres
  Urug (D:11)
  Maurice (D:11)
  Psyche (D:11)
  4 kobold demonologists (D:11)
  A polar bear (D:10)
  4 trolls
  Prince Ribbit (D:8)
  A hornet (D:8)
  A vampire (D:11)
  A wraith (D:11)
  A wyvern (D:9)
  16 yaks
  3 water moccasins
  3 ice beasts (D:10)
  3 orc warriors
  An ogre (D:4)
  A sky beast (D:8)
  5 centaurs
  The ghost of BiteMe the Firebug, an amateur DsFE (D:3)
  3 kobold brigands
  2 bullfrogs
  2 scorpions (D:4)
  10 wights
  15 killer bees
  7 howler monkeys
  2 gnoll boudas (D:5)
  3 orc priests
  A sleepcap (D:8)
  Jessica (D:2)
  An iguana (D:5)
  5 orc wizards
  8 gnolls (D:5)
  8 adders
  A white imp (D:10)
  An ufetubus (D:5)
  3 worms (D:2)
  3 dart slugs
  17 orcs
  3 ball pythons
  7 bats
  6 endoplasms
  3 giant cockroaches
  4 goblins
  5 hobgoblins
  7 jackals
  15 kobolds
  6 quokkas
  3 frilled lizards
  3 rats
210 creatures vanquished.

Vanquished Creatures (others)
  A kobold (D:9)
1 creature vanquished.

Grand Total: 211 creatures vanquished

Notes
Turn   | Place    | Note
-------+----------+-------------------------------------------
     0 | D:1      | cowcol the Minotaur Fighter began the quest for the Orb.
     0 | D:1      | Reached XP level 1. HP: 19/19 MP: 0/0
   486 | D:1      | Found a faded altar of an unknown god.
   592 | D:1      | Reached XP level 2. HP: 27/27 MP: 1/1
  1106 | D:2      | Reached XP level 3. HP: 28/33 MP: 2/2
  1255 | D:2      | Reached skill level 3 in Axes
  1488 | D:2      | Noticed Jessica
  1498 | D:2      | Killed Jessica
  1499 | D:2      | Reached XP level 4. HP: 41/41 MP: 3/3
  1888 | D:3      | Reached skill level 5 in Armour
  1905 | D:3      | Found a large runed translucent door.
  1906 | D:3      | Found a large runed translucent door.
  1941 | D:3      | Identified the +1 robe of Unoud {Will+ Dex+3}
  2030 | D:3      | Reached skill level 4 in Axes
  2309 | D:3      | Noticed BiteMe's ghost (amateur DsFE)
  2320 | D:3      | Killed BiteMe's ghost
  2321 | D:3      | Reached XP level 5. HP: 15/47 MP: 4/4
  2713 | D:4      | Reached skill level 5 in Axes
  2876 | D:4      | Identified the +9 war axe "Buifiq" {protect, rC- Int+2
                  | Dex+3}
  3014 | D:4      | Reached XP level 6. HP: 55/55 MP: 5/5
  3053 | D:4      | Found Bufas's Antique Weapon Emporium.
  3100 | D:4      | Reached skill level 5 in Fighting
  3427 | D:4      | Identified the +6 hand axe "Mauduul" {heavy, rPois rF+++
                  | rC- SInv}
  3428 | D:4      | Found Oskootz's Distillery.
  3540 | D:4      | Bought a potion of curing for 30 gold pieces
  3540 | D:4      | Bought a potion of degeneration for 10 gold pieces
  3540 | D:4      | Bought a potion of mutation for 80 gold pieces
  3540 | D:4      | Bought a potion of heal wounds for 50 gold pieces
  3541 | D:4      | Gained mutation: You occasionally shout uncontrollably at
                  | your foes. [potion of mutation]
  3542 | D:4      | Lost mutation: You occasionally shout uncontrollably at
                  | your foes. [potion of mutation]
  3542 | D:4      | Gained mutation: You are robust. (+10% HP) [potion of
                  | mutation]
  3542 | D:4      | Gained mutation: You have an increased reservoir of magic.
                  | (+10% MP) [potion of mutation]
  3542 | D:4      | Gained mutation: You occasionally shout uncontrollably at
                  | your foes. [potion of mutation]
  3542 | D:4      | Gained mutation: You have large cloven feet. [potion of
                  | mutation]
  3693 | D:4      | Found Iciup's Antique Weapon Boutique.
  3756 | D:4      | Reached skill level 6 in Axes
  3975 | D:4      | Bought a potion of mutation for 80 gold pieces
  3975 | D:4      | Lost mutation: You occasionally shout uncontrollably at
                  | your foes. [potion of mutation]
  3975 | D:4      | Lost mutation: You have large cloven feet. [potion of
                  | mutation]
  3975 | D:4      | Gained mutation: You have hidden genetic defects. [potion
                  | of mutation]
  3975 | D:4      | Gained mutation: You are partially covered in iridescent
                  | scales. (AC +2) [potion of mutation]
  3975 | D:4      | Gained mutation: You are mostly covered in iridescent
                  | scales. (AC +4) [potion of mutation]
  4048 | D:5      | Entered Level 5 of the Dungeon
  4061 | D:5      | Reached XP level 7. HP: 41/67 MP: 6/6
  4064 | D:5      | Found an iron altar of Okawaru.
  4067 | D:5      | Gained mutation: Your body sometimes deteriorates upon
                  | taking damage. [hidden defects]
  4076 | D:5      | Found a hide-covered altar of Uskayaw.
  4083 | D:5      | Reached skill level 7 in Axes
  4084 | D:5      | Found a shimmering altar of Xom.
  4088 | D:5      | Became a worshipper of Warmaster Okawaru
  4349 | D:5      | Found a white marble altar of Elyvilon.
  4350 | D:5      | Found a radiant altar of Vehumet.
  4400 | D:5      | Lost mutation: You have an increased reservoir of magic.
                  | (+10% MP) [potion of mutation]
  4400 | D:5      | Lost mutation: You are robust. (+10% HP) [potion of
                  | mutation]
  4400 | D:5      | Lost mutation: Your body sometimes deteriorates upon taking
                  | damage. [potion of mutation]
  4400 | D:5      | Lost mutation: You are mostly covered in iridescent scales.
                  | (AC +4) [potion of mutation]
  4617 | D:5      | Gained mutation: You are clumsy. (Dex -2) [hidden defects]
  4617 | D:5      | Lost mutation: You have hidden genetic defects. [hidden
                  | defects expressed]
  5719 | D:6      | You fall into a shaft and drop 2 floors!
  5724 | D:8      | Noticed Prince Ribbit
  5725 | D:8      | Noticed a hornet
  5728 | D:8      | Killed Prince Ribbit
  5729 | D:8      | Reached skill level 8 in Axes
  5729 | D:8      | Reached XP level 8. HP: 60/70 MP: 7/7
  5732 | D:8      | Killed a hornet
  5732 | D:8      | Reached * piety under Okawaru
  5733 | D:8      | Reached skill level 1 in Stealth
  5884 | D:8      | Reached skill level 9 in Axes
  5907 | D:8      | Reached ** piety under Okawaru
  5917 | D:8      | Reached XP level 9. HP: 63/78 MP: 6/8
  5973 | D:8      | Found a staircase to the Lair.
  6052 | D:8      | Found a bloodstained altar of Trog.
  6079 | D:8      | Identified the +3 robe of Wonder {rN+ Str+4}
  6127 | D:8      | Found a sacrificial altar of Ru.
  6422 | D:9      | Reached skill level 10 in Axes
  6611 | D:9      | Reached skill level 1 in Throwing
  6619 | D:9      | Reached skill level 10 in Armour
  6630 | D:9      | Reached *** piety under Okawaru
  6631 | D:9      | Reached skill level 11 in Axes
  6631 | D:9      | Reached skill level 1 in Invocations
  6659 | D:9      | Reached XP level 10. HP: 11/88 MP: 9/9
  7186 | D:8      | Reached skill level 12 in Axes
  7263 | D:8      | Reached **** piety under Okawaru
  7264 | D:8      | Reached skill level 1 in Evocations
  7787 | D:9      | Noticed an ice statue
  8152 | D:9      | Found a stormy altar of Qazlal.
  8392 | D:10     | Entered Level 10 of the Dungeon
  8912 | D:10     | Noticed a centaur warrior
  9002 | D:10     | Killed a centaur warrior
  9064 | D:10     | Reached ***** piety under Okawaru
  9404 | D:11     | Noticed Urug
  9423 | D:11     | Killed Urug
  9424 | D:11     | Reached skill level 13 in Axes
  9424 | D:11     | Reached XP level 11. HP: 62/97 MP: 9/11
  9564 | D:11     | Noticed a two-headed ogre
  9564 | D:11     | Noticed a two-headed ogre
  9564 | D:11     | Noticed Erolcha
  9564 | D:11     | Noticed Maurice
  9585 | D:11     | Killed a two-headed ogre
  9597 | D:10     | Killed a two-headed ogre
  9598 | D:10     | Reached skill level 10 in Fighting
  9598 | D:10     | Reached skill level 5 in Shields
  9752 | Abyss:1  | Cast into level 1 of the Abyss (Erolcha)
  9835 | Abyss:1  | Noticed a large abomination
  9838 | D:11     | Escaped the Abyss
  9839 | D:11     | Noticed Psyche
  9839 | D:11     | Noticed a white ugly thing
 10508 | D:11     | Killed Erolcha
 10662 | D:11     | Noticed Fannar
 10682 | D:11     | Killed Fannar
 10934 | D:11     | Reached skill level 14 in Axes
 10935 | D:11     | Killed Psyche
 11320 | D:11     | Killed Maurice
 11320 | D:11     | Received a gift from Okawaru
 11353 | D:11     | Found a corrupted altar of Lugonu.
 11549 | D:11     | HP: 1/102 [white ugly thing (49)]
 11550 | D:11     | Slain by a white ugly thing

Illustrated notes

Levels and vault maps discovered:
D:1:      dpeg_arrival_arbitrary_b, layout_basic, ebering_ecumenical_altar_ruins
D:2:      layout_rooms, serial_co_window_serial, co_window_paths_a,
          co_window_corner_a, co_window_paths_a, co_window_of_opportunity_a,
          co_window_cross_1, co_window_paths_a, co_window_corner_b,
          co_window_paths_c, co_window_corner_cb, glass_columns_a,
          glass_columns_b, glass_columns_a, uniq_jessica
D:3:      layout_rooms, ebering_ghost_disaster_area, minmay_hedge_maze,
          kennysheep_potato
D:4:      layout_loops_ring, serial_shops, nicolae_shop_just_a_little_nook,
          nicolae_shop_tiny_waterfront, nicolae_shop_industrial_runoff
D:5:      layout_layer_cave, grunt_temple_overflow_open, jmf_multi_god_temple
D:6:      minmay_skewed_foursquare, layout_rooms, grunt_gozag_statues,
          nicolae_kikubaaqudgha_miasma_corner, nicolae_sif_muna_condensation,
          minmay_temple_entry_butterflies, minmay_misc_feat_tower,
          serial_bayou_ford_a
D:8:      layout_cave_pools, mainiacjoe_overflow_24_doors,
          mainiacjoe_overflow_six_doors_small, dpeg_oklobed_lair,
          uniq_prince_ribbit1
D:9:      layout_rooms, lemuel_doored_altar, st_stairs_1, minivault_16
D:10:     layout_cave_pools, serial_ice, serial_ice_h, serial_ice_f,
          serial_ice_o, serial_ice_d
D:11:     kennysheep_kobold_lugonu_temple, layout_rooms, erik_orc_1,
          uniq_psyche, uniq_erolcha, uniq_maurice, uniq_urug, uniq_fannar

Skill      XL: |  1  2  3  4  5  6  7  8  9 10 11 |
---------------+----------------------------------+-----
Fighting       | 4 5 6 8 9 11 | 11.4
Armour         | 4 5 6 7 9 10 12 | 12.0
Axes           | 3 4 5 6 8 9 11 13 14 | 14.4
Stealth        | 1 2 |  2.5
Throwing       | 1 |  1.5
Invocations    | 1 2 |  2.5
Evocations     | 3 |  3.2
Shields        | 4 5 |  5.0

Action                     |  1- 3 |  4- 6 |  7- 9 | 10-12 || total
---------------------------+-------+-------+-------+-------++-------
  Melee: War axe           |    63 |    54 |       |       ||   117
         Headbutt          |     7 |    11 |    22 |    47 ||    87
         Hand axe          |       |    12 |   122 |   216 ||   350
         Kick              |       |     1 |       |       ||     1
  Throw: Dart              |     1 |     2 |     3 |     3 ||     9
 Invoke: Heroism           |       |       |     4 |     9 ||    13
    Use: Scroll            |     3 |     1 |     4 |     3 ||    11
         Potion            |       |     4 |     2 |     5 ||    11
   Stab: Paralysed         |       |       |       |     1 ||     1
 Armour: Scale mail        |    37 |    28 |    42 |       ||   107
         Chain mail        |       |       |    41 |   132 ||   173
  Dodge: Dodged            |    35 |    34 |    67 |   104 ||   240
  Block: Buckler           |    19 |    21 |    75 |   132 ||   247
         Reflection        |       |       |    10 |    13 ||    23
